 Dungeon Crawl Stone Soup version 0.30.0-15-g856e2d3f33 (webtiles) character file.

Game seed: 13743457153225848465

1 CaptainMV the Firebug (level 1, -3/13 HPs)
             Began as a Demonspawn Wanderer on May 18, 2023.
             Slain by a gnoll
             ... wielding a +0 flail
              (7 damage)
             ... on level 1 of the Dungeon.
             The game lasted 00:01:43 (151 turns).

CaptainMV the Firebug (Demonspawn Wanderer)          Turns: 151, Time: 00:01:43

Health: -3/13      AC:  2    Str:  8    XL:     1   Next: 16%
Magic:  3/3        EV: 10    Int: 13    God:
Gold:   0          SH:  4    Dex: 16    Spells: 3/4 levels left

rFire   . . .        a - +0 spear
rCold   . . .        b - +0 buckler
rNeg    . . .        d - +0 robe
rPois   .            (no helmet)
rElec   .            (no cloak)
rCorr   .            (no gloves)
SInv    .            (no boots)
Will    .....        (no amulet)
Stlth   ++           (no ring)
HPRegen 0.22/turn    (no ring)
MPRegen 0.08/turn

%: no passive effects
@: no status effects
A: no striking features
a: no special abilities


You were on level 1 of the Dungeon.
You visited 1 branch of the dungeon, and saw 1 of its levels.

Inventory:

Hand Weapons
 a - a +0 spear (weapon)
Armour
 b - a +0 buckler (worn)
 d - a +0 robe (worn)
Scrolls
 c - a scroll of teleportation
Potions
 e - a potion of lignification {unknown}


   Skills:
 + Level 1.0 Polearms
 + Level 1.0 Armour
 + Level 1.0 Stealth
 + Level 1.7 Shields
 + Level 2.0 Spellcasting
 + Level 2.7 Fire Magic


You had 3 spell levels left.
You knew the following spells:

 Your Spells              Type           Power      Damage    Failure   Level
a - Foxfire               Conj/Fire      16%        2x1d4     22%         1

Your spell library contained the following spells:

 Spells                   Type           Power      Damage    Failure   Level
 Scorch                   Fire           16%        2d6       21%         2
 Inner Flame              Hex/Fire       4%         N/A       56%         3


Dungeon Overview and Level Annotations

Branches:
Dungeon (1/15)

Altars:


Message History

Welcome, CaptainMV the Demonspawn Wanderer.
You feel drawn to the Orb of Zot, downwards into the unfathomable depths...
Press ? for a list of commands and other information.
Found a staircase leading out of the dungeon.
You begin with the following items: a +0 spear, a +0 buckler, a scroll of teleportation, a +0 robe; and the following spell memorised: Foxfire; and the following spells available to memorise: Scorch, Inner Flame.
A kobold comes into view. It is wielding a +0 short sword.
The kobold shouts!
You hit the kobold.
You kill the kobold!
You see here a +0 short sword.
There is a staircase leading out of the dungeon here.
Found a bubbling black potion.
e - a bubbling black potion
Found a stone staircase leading down.
There is a staircase leading out of the dungeon here.
There is a staircase leading out of the dungeon here.
A dart slug comes into view.
A gnoll and a frilled lizard come into view.
Found a scroll labelled CYALUE DYPHO and 4 stones.
The gnoll shouts!
The frilled lizard hisses angrily.
A rat comes into view.
The dart slug launches a dart at you. The slug dart misses you.
The dart slug launches a dart at you. The slug dart misses you.
A ball python comes into view.
A hobgoblin comes into view.
The ball python moves out of view.
The hobgoblin shouts!
You hear an angry hiss.
The frilled lizard barely misses you.
You miss the frilled lizard. The frilled lizard bites you.
You hit the frilled lizard.
You kill the frilled lizard!
You barely miss the gnoll. The gnoll hits you with a +0 flail.
You barely miss the gnoll. You block the gnoll's attack.
A goblin comes into view. It is wielding a +0 club.
You barely miss the gnoll. The gnoll hits you with a +0 flail!
Ouch! That really hurt!
The gnoll hits you with a +0 flail!
Ouch! That really hurt!
You die...

###### #..... ##.####
####### #.## (...... ##.#
.....?. #########.##
#...... ##..#.#.###.#
......S####..#.#.#.#.##
#..g..grg@...######<######
.......#####.# ##.#.#.#.#
#..#... ### #.###.#.#. .
#### ##.####### #.## #
##.# # ##.########
#.......... #..........


You could see a gnoll, a hobgoblin, a goblin (wandering), a ball python and a
rat.

Vanquished Creatures
  A frilled lizard (D:1)
  A kobold (D:1)
2 creatures vanquished.

Notes
Turn   | Place    | Note
-------+----------+-------------------------------------------
     0 | D:1      | CaptainMV the Demonspawn Wanderer began the quest for the
                  | Orb.
     0 | D:1      | CaptainMV set off with the following items: a +0 spear, a
                  | +0 buckler, a scroll of teleportation, a +0 robe; and the
                  | following spell memorised: Foxfire; and the following
                  | spells available to memorise: Scorch, Inner Flame.
     0 | D:1      | Reached XP level 1. HP: 13/13 MP: 3/3
   151 | D:1      | Slain by a gnoll

Illustrated notes

Levels and vault maps discovered:
D:1:      reono_arrival_mine, layout_rooms, serial_shops,
          nicolae_shop_drivethru, st_stairs_4

Action                     || total
---------------------------++-------
  Melee: Spear             ||     6
  Dodge: Dodged            ||     3
  Block: Buckler           ||     1
